 Dungeon Crawl Stone Soup version 0.29-a0-266-gf56f883ddd (webtiles) character file.

Game seed: 13122467931225599640

52 spaghetti the Skirmisher (level 3, -5/49 HPs)
             Began as a Demigod Fighter on Mar 6, 2022.
             Slain by a gnoll
             ... wielding a +0 halberd
              (11 damage)
             ... on level 3 of the Dungeon.
             The game lasted 00:02:20 (1747 turns).

spaghetti the Skirmisher (Demigod Fighter)          Turns: 1747, Time: 00:02:21

Health: -5/49      AC:  7    Str: 21    XL:     3   Next: 39%
Magic:  5/5        EV:  9    Int: 10    God:
Gold:   94         SH:  5    Dex: 13    Spells: 2/2 levels left

rFire   . . .      SeeInvis .   a - +0 war axe (flame) {axe}
rCold   . . .      Faith    .   c - +1 buckler
rNeg    . . .      Spirit   .   b - +0 scale mail
rPois   .          Reflect  .   (no helmet)
rElec   .          Harm     .   n - +0 cloak
rCorr   .          Rampage  .   (no gloves)
Will    .....                   (no boots)
Stlth   ..........              (no amulet)
HPRegen 0.16/turn               (no ring)
MPRegen 0.09/turn               (no ring)

@: berserking, very quick
A: high MP 1, forlorn, divine attributes
a: no special abilities


You were on level 3 of the Dungeon.
You visited 1 branch of the dungeon, and saw 3 of its levels.

You collected 94 gold pieces.


Innate Abilities, Weirdness & Mutations

You have an increased reservoir of magic. (+10% MP)
You shall have no god before yourself.
Your divine heritage dramatically boosts your attributes as you level up.


   Skills:
 + Level 4.2 Fighting
 - Level 1.7 Axes
 - Level 2.6 Armour
 - Level 2.6 Shields


You had 2 spell levels left.
You didn't know any spells.
Your spell library was empty.

Inventory:

Hand Weapons
 a - a +0 war axe of flaming (weapon) {axe}
Missiles
 g - 58 stones (quivered) {throwing}
Armour
 b - a +0 scale mail (worn)
 c - a +1 buckler (worn)
 h - a scarf of resistance
   (You found it on level 1 of the Dungeon)
 n - a +0 cloak (worn)
   (You found it on level 2 of the Dungeon)
Magical Staves
 i - a staff of poison {!astaff}
   (You found it on level 1 of the Dungeon)
Jewellery
 f - a ring of willpower
   (You found it on level 1 of the Dungeon)
Scrolls
 k - a scroll of enchant weapon {unknown}
 m - 2 scrolls of fear
Potions
 d - a potion of might
 e - a potion of invisibility {unknown}
 l - a potion of attraction {unknown}

Dungeon Overview and Level Annotations

Branches:
Dungeon (3/15)

##################
.................#
################.#
#.# ## #@# .# #g#
.# #...)g# .#
#[....# .# #.....#
## #.....# #...[..
#...... ####...


You could see 2 gnolls.


Message History

You block the quokka's attack.
You closely miss the quokka. You block the quokka's attack.
The quokka bites you but does no damage.
You barely miss the quokka.
The quokka bites you but does no damage.
You hit the quokka but do no damage. You block the quokka's attack. x2
You closely miss the quokka. The quokka closely misses you.
The quokka bites you but does no damage.
You hit the quokka. You burn the quokka.
You kill the quokka! 😕 HP[+1] Unknown command.
A kobold comes into view. It is wielding a +0 short sword.
The kobold shouts!
A kobold is nearby! 😎 HP[+5]
Your hp is fully restored (33).
An endoplasm comes into view.
You closely miss the kobold. You block the kobold's attack.
You hit the kobold but do no damage.
The kobold hits you with a +0 short sword.
The kobold hits you but does no damage. 😕 HP[-1]
You take 1 damage, and now have 32/33 hp.
You closely miss the kobold. You barely miss the endoplasm.
The endoplasm freezes you.
You are frozen.
You block the kobold's attack. 😕 HP[-4]
You take 4 damage, and now have 28/33 hp.
You slash the kobold! You burn the kobold.
You kill the kobold!
You barely miss the endoplasm. The endoplasm closely misses you.
You block the endoplasm's attack.
You hit the endoplasm. You burn the endoplasm.
You kill the endoplasm!
No target in view!
No target in view!
No target in view!
No target in view!
No target in view!
No target in view!
No target in view!
No target in view!
No target in view!
No target in view!
No target in view!
No target in view!
No target in view!
No target in view!
Things that are here:
a +0 short sword {short}; a kobold corpse 😎 HP[+5]
Your hp is fully restored (33).
As you open the door, it creaks loudly!
No target in view!
There is an open door here.
A gnoll comes into view. It is wielding a +0 halberd.
The gnoll shouts!
You hear a shout!
The gnoll moves out of view.
A gnoll and a goblin come into view.
There are monsters nearby!
A gnoll comes into view. It is wielding a +0 flail.
A gnoll comes into view. It is wielding a +0 club.
The gnoll closely misses you.
You barely miss the gnoll. The gnoll barely misses you.
The gnoll hits you with a +0 halberd. The goblin closely misses you. 😕 HP[-4]
You take 4 damage, and now have 29/33 hp.
You barely miss the gnoll. You slash the goblin! You burn the goblin.
You kill the goblin!
You block the gnoll's attack. 😕 HP[+1]
You hit the gnoll. You burn the gnoll. You block the gnoll's attack.
The gnoll closely misses you.
The gnoll hits you with a +0 flail! 😮 HP[-7]
You take 7 damage, and now have 23/33 hp.
MASSIVE DAMAGE!! (PAUSE)
The gnoll attacks as you move away! The gnoll hits you with a +0 flail.
The gnoll attacks as you move away! The gnoll closely misses you.
The gnoll hits you from afar with a +0 halberd!
* * * LOW HITPOINT WARNING * * *
😨 HP[-13]
You take 13 damage, and now have 10/33 hp.
MASSIVE DAMAGE!! (PAUSE) Really quaff
j - a potion of berserk rage {!q}?
A red film seems to cover your vision as you go berserk!
You feel yourself moving faster!
You feel mighty! The gnoll completely misses you.
The gnoll closely misses you. 😨 HP[+5]
You now have 49 max hp (+16).
You regained 5 hp, and now have 15/49 hp.
You slash the gnoll! You burn the gnoll.
You kill the gnoll!
The gnoll hits you from afar with a +0 halberd!
* * * LOW HITPOINT WARNING * * *
😱 HP[-9]
You take 9 damage, and now have 6/49 hp.
You barely miss the gnoll. The gnoll closely misses you.
The gnoll hits you from afar with a +0 halberd!
You die...

Skill      XL: |  1  2  3 |
---------------+----------+-----
Fighting       | 3 4 |  4.2
Axes           | |  1.7
Armour         | |  2.6
Shields        | |  2.6

Action                   || total
-------------------------++-------
Melee: War axe           ||   107
  Use: Scroll            ||     5
       Potion            ||     1
Armor: Scale mail        ||    42
Dodge: Dodged            ||    57
Block: Buckler           ||    24

Levels and vault maps discovered:
D:1:      nagdon_arrival_double_spiral, layout_basic, basic_ecumenical_altar,
          minmay_fountain_box
D:2:      layout_basic, basic_altar, minmay_misc_feat_doors
D:3:      layout_basic, corexii_hall_statues_l, minmay_increasing_density

Notes
Turn   | Place    | Note
-------+----------+-------------------------------------------
     0 | D:1      | spaghetti the Demigod Fighter began the quest for the Orb.
     0 | D:1      | Reached XP level 1. HP: 18/18 MP: 3/3
     0 | D:1      | magus.rc [v1.9.6]
   184 | D:1      | Reached skill level 3 in Fighting
   313 | D:1      | Reached XP level 2. HP: 26/26 MP: 4/4
  1442 | D:2      | Reached XP level 3. HP: 33/33 MP: 5/5
  1451 | D:2      | Reached skill level 4 in Fighting
  1746 | D:3      | HP: 6/49 [gnoll/+0 halberd (9)]
  1747 | D:3      | Slain by a gnoll

Vanquished Creatures
  A gnoll (D:3)
  3 ball pythons (D:1)
  3 bats (D:1)
  8 endoplasms
  A giant cockroach (D:1)
  2 goblins
  5 hobgoblins
  3 quokkas
  4 frilled lizards
  6 kobolds
  3 rats
39 creatures vanquished.

Table legend:
 A = Non-vault XP
 B = Vault XP
 C = Vault XP percentage of total XP
 D = Non-vault monster count
 E = Vault monster count
 F = Vault count percentage of total count
                 A         B        C        D         E       F
            +---------+---------+-------+---------+---------+-------
      Total |      75 |       0 |   0.0 |      39 |       0 |   0.0
            +---------+---------+-------+---------+---------+-------
        D:1 |      33 |       0 |   0.0 |      21 |       0 |   0.0
        D:2 |      21 |       0 |   0.0 |      13 |       0 |   0.0
        D:3 |      21 |       0 |   0.0 |       5 |       0 |   0.0
            +---------+---------+-------+---------+---------+-------

Illustrated notes

Table legend:
 A = Kills in this place as a percentage of kills in entire the game.
 B = Kills by you in this place as a percentage of kills by you in the entire game.
 C = Kills by friends in this place as a percentage of kills by friends in the entire game.
 D = Other kills in this place as a percentage of other kills in the entire game.
 E = Experience gained in this place as a percentage of experience gained in the entire game.
 F = Experience gained in this place divided by the number of levels of this place that you have seen.
                   A       B       C       D       E      F
               +-------+-------+-------+-------+-------+----------------------
         Total | 100.0 | 100.0 |   N/A |   N/A | 100.0 |  25.0
       Dungeon | 100.0 | 100.0 |   N/A |   N/A | 100.0 |  25.0
               +-------+-------+-------+-------+-------+----------------------

Table legend: (Time is in decaauts)
 A = Elapsed time spent in this place.
 B = Non-inter-level travel time spent in this place.
 C = Inter-level travel time spent in this place.
 D = Time resting spent in this place.
 E = Time spent auto-exploring this place.
 F = Levels seen in this place.
 G = Mean time per level.
                   A        B        C        D        E       F      G
               +--------+--------+--------+--------+--------+-----+--------+
         Total |   1796 |   1783 |     13 |      0 |   1470 |   3 |  598.7 |
       Dungeon |   1796 |   1783 |     13 |      0 |   1470 |   3 |  598.7 |
               +--------+--------+--------+--------+--------+-----+--------+

Top non-repeatable levels by time:
     D:1: 1027 daAuts
     D:2: 595 daAuts
     D:3: 173 daAuts
